 Dungeon Crawl Stone Soup version 0.23.0-3-gf3c87f2 (webtiles) character file.

Game seed: 16651846418911705883

483 Fang the Skirmisher (level 7, 0/66 HPs)
             Began as a Gargoyle Berserker on Feb 22, 2019.
             Was a Believer of Trog.
             Slain by Eustachio
             ... wielding a +0 rapier
              (3 damage)
             ... on level 4 of the Dungeon.
             The game lasted 00:06:28 (3658 turns).

Fang the Skirmisher (Gargoyle Berserker)            Turns: 3658, Time: 00:06:29

Health: 0/66       AC: 14    Str: 28    XL:     7   Next: 12%
Magic:  7/7        EV: 10    Int:  9    God:    Trog [**....]
Gold:   230        SH:  0    Dex:  9    Spells: 6/6 levels left

rFire    + . .     SeeInvis .   a - +0 hand axe
rCold    x . .     Gourm    .   (no shield)
rNeg     + . .     Faith    .   j - +0 chain mail
rPois    ∞         Spirit   .   (no helmet)
rElec    +         Reflect  .   (no cloak)
rCorr    .         Harm     .   (no gloves)
MR       .....                  (no boots)
Stlth    ..........             (no amulet)
HPRegen  0.21/turn              d - ring of fire
MPRegen  0.10/turn              r - +2 ring of intelligence

@: berserking (expiring), very quick
A: negative energy resistance 1, electricity resistance, unbreathing,
petrification resistance, rot immunity, AC +4
a: Berserk, Trog's Hand, Renounce Religion


You were on level 4 of the Dungeon.
You worshipped Trog.
Trog was pleased with you.
You were very hungry.

You visited 1 branch of the dungeon, and saw 4 of its levels.
You also visited: Sewer.

You collected 230 gold pieces.

Inventory:

Hand Weapons
 a - a +0 hand axe (weapon)
Armour
 j - a +0 chain mail (worn)
Jewellery
 d - a ring of fire (left hand)
 r - a +2 ring of intelligence (right hand)
Scrolls
 b - 4 scrolls of identify {unknown}
 f - 2 scrolls of fog {unknown}
 h - 2 scrolls of remove curse {unknown}
 i - 2 scrolls of teleportation {unknown}
 o - 2 scrolls of fear {unknown}
 q - a scroll of blinking {unknown}
Potions
 e - a potion of haste {unknown}
 g - 3 potions of curing {unknown}
 k - a potion of cancellation {unknown}
 l - a potion of degeneration {unknown}
 m - a potion of berserk rage {unknown}
 n - a potion of heal wounds {unknown}
Comestibles
 c - 9 rations


   Skills:
 + Level 5.1 Fighting
 + Level 4.2 Axes
 + Level 4.4 Armour
 + Level 3.3 Dodging


You had 6 spell levels left.
You didn't know any spells.
Your spell library was empty.

Dungeon Overview and Level Annotations

Branches:
Dungeon (4/15)
 Temple: D:4-7

Altars:
Ashenzari
Gozag
Hepliaklqana
Makhleb
Okawaru
Qazlal
Ru
Vehumet
Wu Jian
Yredelemnul

Annotations:
D:4 Eustachio


Innate Abilities, Weirdness & Mutations

You are resistant to torment.
Your stone body is resilient. (AC +4)
You are immune to poison.
You resist negative energy. (rN+)
You are resistant to electric shocks. (rElec)
You can survive without breathing.
You are immune to petrification.
You are immune to rotting.


Message History

Eustachio is heavily wounded.
You hit the white imp. You slash the crimson imp!
Eustachio hits you with a +0 rapier.
* * * LOW HITPOINT WARNING * * *
The white imp barely misses you.
You miss Eustachio.
Eustachio is heavily wounded.
You hit the white imp but do no damage. You miss the crimson imp.
The crimson imp closely misses you.
You barely miss Eustachio.
Eustachio is heavily wounded.
You hit the white imp.
You kill the white imp!
You closely miss the crimson imp. Eustachio hits you but does no damage.
The crimson imp barely misses you.
You hit Eustachio.
Eustachio is severely wounded.
You hit the crimson imp but do no damage.
Eustachio hits you with a +0 rapier.
You die...

### ..## ...# ###.
..## ###... ## .##
#.... .. ## ##..# .#
.# #..## .## .#
##†5.#...#.. .####
###..)@@._.... ....###
##..##..#...#..
###...####..###.###.##
####.....## #.. ..#
#.........## #... ...
.............####..
... ...<..........#
#.. ...
..............# ...
.............##


You could see Eustachio and a crimson imp.

Vanquished Creatures
  An eye of draining (D:3)
  A crocodile (Sewer)
  A bullfrog zombie (D:2)
  2 hounds
  A bullfrog skeleton (D:4)
  2 worker ants (D:4)
  7 adders
  4 worms
  3 leopard geckos (D:3)
  6 orcs
  5 bats
  3 giant cockroaches
  7 goblins
  9 hobgoblins
  2 jackals (Sewer)
  A quokka (D:4)
  A ball python (D:2)
  3 frilled lizards
  10 kobolds
  8 rats
77 creatures vanquished.

Notes
Turn   | Place    | Note
-------+----------+-------------------------------------------
     0 | D:1      | Fang the Gargoyle Berserker began the quest for the Orb.
     0 | D:1      | Reached XP level 1. HP: 14/14 MP: 1/1
   539 | D:1      | Reached XP level 2. HP: 13/19 MP: 2/2
  1264 | D:2      | Found an opulent altar of Gozag.
  1379 | D:2      | Reached XP level 3. HP: 23/23 MP: 3/3
  1425 | D:2      | Found a basalt altar of Yredelemnul.
  1521 | D:2      | Reached XP level 4. HP: 17/29 MP: 4/4
  1868 | D:2      | Reached skill level 4 in Fighting
  2189 | D:3      | Reached XP level 5. HP: 27/33 MP: 5/5
  2210 | D:3      | Found an iron altar of Okawaru.
  2211 | D:3      | Reached ** piety under Trog
  2381 | D:3      | Found a burning altar of Makhleb.
  2503 | D:3      | Found a glowing drain.
  2617 | Sewer    | Entered a sewer
  2674 | Sewer    | Noticed a crocodile
  2693 | Sewer    | Killed a crocodile
  2693 | Sewer    | Reached XP level 6. HP: 25/39 MP: 6/6
  2907 | D:3      | Found an ornate altar of the Wu Jian Council.
  2908 | D:3      | Found a stormy altar of Qazlal.
  2908 | D:3      | Found a sacrificial altar of Ru.
  2910 | D:3      | Found a hazy altar of Hepliaklqana.
  2915 | D:3      | Noticed an eye of draining
  2933 | D:3      | Killed an eye of draining
  3491 | D:4      | Found a shattered altar of Ashenzari.
  3518 | D:4      | Reached skill level 5 in Fighting
  3557 | D:4      | Reached XP level 7. HP: 44/44 MP: 7/7
  3627 | D:4      | Found a radiant altar of Vehumet.
  3631 | D:4      | Noticed Eustachio
  3654 | D:4      | HP: 3/66 [Eustachio/+0 rapier (5)]
  3658 | D:4      | Slain by Eustachio

Skill      XL: |  1  2  3  4  5  6 |
---------------+-------------------+-----
Axes           | 3 4 |  4.2
Dodging        | 2 3 |  3.3
Armour         | 3 4 |  4.4
Fighting       | 4 5 |  5.1

Action                   |  1- 3 |  4- 6 |  7- 9 || total
-------------------------+-------+-------+-------++-------
Melee: Hand axe          |    81 |   226 |    25 ||   332
Invok: Berserk           |     1 |       |     1 ||     2
  Eat: Chunk             |     3 |     7 |       ||    10
Armor: Animal skin       |    13 |       |       ||    13
       Chain mail        |    22 |   128 |    38 ||   188
Dodge: Dodged            |    47 |   126 |    29 ||   202
